[Event "2026 European Womens Championship"]
[Site "Batumi, GE"]
[Date "2026.05.27"]
[Round "3"]
[White "Skvortsova, Alena"]
[Black "Nomin-Erdene, Davaademberel"]
[Result "1-0"]
[Board "39"]
[TimeControl "5400+30"]
[WhiteFideId "24166251"]
[BlackFideId "4900782"]
[WhiteElo "2135"]
[BlackElo "2328"]
[WhiteTitle "WFM"]
[BlackTitle "IM"]
[WhiteClock "0:26:56"]
[BlackClock "0:02:43"]
[Variant "Standard"]

1. e4 e5 2. Nf3 Nc6 3. d4 exd4 4. Nxd4 Nf6 5. Nxc6 bxc6 6. e5 Qe7 7. Qe2 Nd5 8. g3 g6 9. Bg2 Bg7 10. O-O O-O 11. Re1 Re8 12. c4 Ba6 13. Qc2 Nb4 14. Qb3 Bc8 15. Nd2 a5 16. Nf3 a4 17. Qd1 a3 18. bxa3 Na6 19. Qa4 Bb7 20. Rb1 Nc5 21. Qc2 Bc8 22. h4 Ne6 23. h5 Qf8 24. Rb3 Ba6 25. Rbe3 Bb7 26. hxg6 hxg6 27. Nh2 f5 28. exf6 Qxf6 29. Ng4 Qf5 30. Qd1 Red8 31. Bb2 Kh7 32. Re5 Qf7 33. Qb1 Kg8 34. R5e3 Qf5 35. Bxg7 Kxg7 36. Qb2+ Kh7 37. Nf6+ Kh6 38. Rf3 Qg5 39. Re4 c5 40. Rh4+ Qxh4 41. gxh4 Bxf3 42. Bxf3 Rab8 43. Qe5 Rb6 44. Be4 Rd6 45. Ng4+ Kh7 46. Qh5+ Kg8 47. Qxg6+ Ng7 48. Nh6+ 1-0

[Event "2026 European Womens Championship"]
[Site "Batumi, GE"]
[Date "2026.05.27"]
[Round "3"]
[White "Liavonava, Yuliya"]
[Black "Mammadova, Gulnar"]
[Result "1/2-1/2"]
[Board "40"]
[TimeControl "5400+30"]
[WhiteFideId "13524178"]
[BlackFideId "13403508"]
[WhiteElo "2118"]
[BlackElo "2325"]
[WhiteTitle "WFM"]
[BlackTitle "IM"]
[WhiteClock "0:14:25"]
[BlackClock "0:21:59"]
[Variant "Standard"]

1. e4 g6 2. d4 Bg7 3. Nc3 a6 4. a4 d6 5. Be3 Nc6 6. Nf3 Bg4 7. Be2 e5 8. dxe5 dxe5 9. Qxd8+ Rxd8 10. Nd5 Rd7 11. h3 Be6 12. O-O-O Nge7 13. Nxe7 Rxe7 14. Ng5 Nd4 15. Bd3 Bd7 16. b3 h6 17. Nf3 Ne6 18. Rhe1 b5 19. axb5 axb5 20. b4 O-O 21. Nd2 Ra8 22. Kb2 Ree8 23. c3 Nf4 24. Bf1 f5 25. f3 fxe4 26. Nxe4 Be6 27. Ra1 Rxa1 28. Rxa1 c6 29. Kc2 Bd5 30. Ra7 Rf8 31. Nd2 g5 32. Bxf4 exf4 33. Bd3 Rc8 34. Bf5 Re8 1/2-1/2

[Event "2026 European Womens Championship"]
[Site "Batumi, GE"]
[Date "2026.05.27"]
[Round "3"]
[White "Iglesias, Yosha"]
[Black "Shuqja, Klean"]
[Result "1-0"]
[Board "41"]
[TimeControl "5400+30"]
[WhiteFideId "637823"]
[BlackFideId "4701585"]
[WhiteElo "2325"]
[BlackElo "2092"]
[WhiteTitle "FM"]
[BlackTitle "WFM"]
[WhiteClock "0:13:24"]
[BlackClock "0:00:32"]
[Variant "Standard"]

1. d4 Nf6 2. Bf4 e6 3. e3 d6 4. h3 Nbd7 5. Nf3 h6 6. a4 a6 7. a5 g5 8. Bh2 Bg7 9. c4 Qe7 10. Nc3 e5 11. Be2 c5 12. d5 Nf8 13. Qb1 Qc7 14. Nd2 Ng6 15. Bd3 Ne7 16. f4 exf4 17. exf4 gxf4 18. O-O Nd7 19. Bxf4 Ne5 20. Bxe5 Bxe5 21. Nf3 Bg7 22. Qe1 O-O 23. Nh4 Bd7 24. Qe4 f5 25. Qf3 Rae8 26. Qh5 Qc8 27. Rf3 Rf6 28. Raf1 Ref8 29. Re3 R8f7 30. Rfe1 Qf8 31. Qe2 Ng6 32. Nxg6 Rxg6 33. Kh1 Be5 34. Rxe5 dxe5 35. Qxe5 Qd6 36. Qxd6 Rxd6 37. Rf1 Rdf6 38. Be2 Re7 39. Bf3 Rd6 40. Rb1 Re3 41. Kg1 b6 42. Kf2 Re8 43. b4 cxb4 44. axb6 bxc3 45. c5 c2 46. Rc1 Rxb6 47. cxb6 Rb8 48. Rxc2 Rxb6 49. Rc7 Rd6 50. Ke3 Kf7 51. Kd4 Ke7 52. Kc5 Rg6 53. Ra7 h5 54. h4 f4 55. Kd4 Rb6 56. Ke5 Rf6 57. Rxd7+ 1-0

[Event "2026 European Womens Championship"]
[Site "Batumi, GE"]
[Date "2026.05.27"]
[Round "3"]
[White "Ivanytska, Liudmyla"]
[Black "Gvetadze, Sofio"]
[Result "1-0"]
[Board "42"]
[TimeControl "5400+30"]
[WhiteFideId "14176211"]
[BlackFideId "13601440"]
[WhiteElo "2112"]
[BlackElo "2311"]
[BlackTitle "IM"]
[WhiteClock "0:15:59"]
[BlackClock "0:05:06"]
[Variant "Standard"]

1. e4 c5 2. Nf3 e6 3. d4 cxd4 4. Nxd4 Nf6 5. Nc3 d6 6. g4 h6 7. Rg1 a6 8. h4 Qa5 9. Nb3 Qc7 10. Be3 Nc6 11. g5 Nd7 12. f4 hxg5 13. hxg5 g6 14. Qd2 b6 15. O-O-O Bb7 16. Nd4 Na5 17. f5 exf5 18. exf5 Ne5 19. Qf2 Nac4 20. Bxc4 Qxc4 21. fxg6 fxg6 22. Qf6 Rh7 23. Nb3 Be7 24. Qf2 Rf7 25. Qg3 Rf3 26. Qe1 Qc7 27. Nd5 Bxd5 28. Rxd5 Rc8 29. c3 Qc4 30. Rxe5 dxe5 31. Nd2 Rxe3 32. Qxe3 Qe6 33. Rh1 Kf7 34. Ne4 Kg7 35. a3 Qf5 36. Re1 Rc4 37. Kc2 a5 38. Kb3 b5 39. Ka2 b4 40. cxb4 axb4 41. axb4 Rxb4 42. Qa7 Qf7+ 43. Kb1 Rd4 44. Qc7 Rd5 45. Rh1 Qe6 46. Nf6 Rd4 47. Rh7+ Kf8 48. Qb8+ Bd8 49. Rh8+ Kg7 50. Qb7+ Be7 51. Rh7+ Kf8 52. Qa8+ Bd8 53. Rh8+ Kg7 54. Rxd8 Qf5+ 55. Ka2 Rxd8 56. Qxd8 Qxg5 57. Qe7+ 1-0

[Event "2026 European Womens Championship"]
[Site "Batumi, GE"]
[Date "2026.05.27"]
[Round "3"]
[White "Matnadze Bujiashvili, Ann"]
[Black "Tashkinova, Sofiia"]
[Result "1-0"]
[Board "43"]
[TimeControl "5400+30"]
[WhiteFideId "13601377"]
[BlackFideId "14188309"]
[WhiteElo "2310"]
[BlackElo "2085"]
[WhiteTitle "IM"]
[BlackTitle "WFM"]
[WhiteClock "0:25:41"]
[BlackClock "0:57:42"]
[Variant "Standard"]

1. d4 Nf6 2. Nf3 b5 3. a4 b4 4. c4 e6 5. a5 a6 6. g3 Bb7 7. Bg2 c5 8. d5 exd5 9. Nh4 Nc6 10. cxd5 Nxa5 11. Nd2 c4 12. Qa4 Nb3 13. Nxb3 cxb3 14. Qxb3 Bc5 15. Be3 Qb6 16. Nf5 O-O 17. O-O g6 18. Bxc5 Qxc5 19. Rfc1 Qb6 20. Qe3 Qxe3 21. Nxe3 Rfc8 22. Rc2 Kf8 23. h3 Ne8 24. Rxc8 Bxc8 25. Ra4 Rb8 26. Nc2 b3 27. Nd4 Nd6 28. e4 f6 29. f3 Rb6 30. Bf1 Bb7 31. Kf2 f5 32. Ke3 fxe4 33. fxe4 Nf7 34. Ra3 d6 35. Rxb3 Rxb3+ 36. Nxb3 Bc8 37. Nd4 Ne5 38. b4 Kf7 39. Kd2 h5 40. Ke3 Kf6 41. h4 g5 42. hxg5+ Kxg5 43. Nf3+ Nxf3 44. Kxf3 Bg4+ 45. Ke3 Bc8 46. Be2 Bb7 47. Kd4 h4 48. gxh4+ Kxh4 49. e5 Kg5 50. exd6 Kf6 51. Bg4 Kf7 52. Bd7 Kf8 53. Bc6 Bc8 54. d7 1-0

[Event "2026 European Womens Championship"]
[Site "Batumi, GE"]
[Date "2026.05.27"]
[Round "3"]
[White "Aghaverdiyeva, Maryam"]
[Black "Hrebenshchykova, Yelyzaveta"]
[Result "0-1"]
[Board "44"]
[TimeControl "5400+30"]
[WhiteFideId "13452509"]
[BlackFideId "14159899"]
[WhiteElo "2103"]
[BlackElo "2309"]
[WhiteTitle "WFM"]
[BlackTitle "WGM"]
[WhiteClock "0:01:07"]
[BlackClock "0:02:24"]
[Variant "Standard"]

1. e4 c5 2. Nf3 d6 3. d4 cxd4 4. Nxd4 Nf6 5. Nc3 Nc6 6. Bg5 e6 7. Qd2 a6 8. O-O-O Bd7 9. f4 h6 10. Bh4 Be7 11. Nf3 Qc7 12. e5 dxe5 13. fxe5 Nd5 14. Nxd5 exd5 15. Bxe7 Nxe7 16. Kb1 O-O 17. c3 b5 18. Bd3 Rab8 19. Qf4 a5 20. Rhf1 b4 21. c4 dxc4 22. Bxc4 Bf5+ 23. Ka1 Ng6 24. Qxf5 Qxc4 25. Rfe1 Rb5 26. Rc1 Qe6 27. Qxe6 fxe6 28. b3 Nf4 29. Nd4 Rd5 30. Nc6 Rd2 31. Red1 Rxg2 32. Nxa5 Nd5 33. Rg1 Rxh2 34. Rh1 Rg2 35. Rhg1 Rh2 36. Rh1 Rhf2 37. Nc4 Nc3 38. Nb2 Ra8 39. a4 bxa3 40. Rxc3 axb2+ 41. Kb1 Ra1# 0-1

[Event "2026 European Womens Championship"]
[Site "Batumi, GE"]
[Date "2026.05.27"]
[Round "3"]
[White "Liashkevich, Lizaveta"]
[Black "Jarocka, Liwia"]
[Result "1-0"]
[Board "45"]
[TimeControl "5400+30"]
[WhiteFideId "13518658"]
[BlackFideId "21807558"]
[WhiteElo "2079"]
[BlackElo "2288"]
[WhiteTitle "WFM"]
[BlackTitle "FM"]
[WhiteClock "0:06:14"]
[BlackClock "0:16:07"]
[Variant "Standard"]

1. d4 Nf6 2. c4 e6 3. Nf3 d5 4. Nc3 c6 5. e3 Nbd7 6. Bd3 dxc4 7. Bxc4 b5 8. Be2 Bd6 9. O-O O-O 10. Qc2 Bb7 11. Rd1 Qc7 12. Bd2 Rac8 13. b4 Rfe8 14. a3 e5 15. h3 a6 16. Bd3 h6 17. Re1 Rcd8 18. Rac1 Bf8 19. Ne4 Nd5 20. Ng3 exd4 21. exd4 Qb8 22. Qb3 Rxe1+ 23. Rxe1 Re8 24. Rc1 g6 25. Bb1 Bg7 26. Qc2 Nf4 27. h4 Nf8 28. h5 Bc8 29. hxg6 fxg6 30. Qxc6 Bb7 31. Qc7 Qxc7 32. Rxc7 Bxf3 33. gxf3 N4e6 34. Ra7 Nxd4 35. Kg2 Rd8 36. Be3 h5 37. Rxa6 h4 38. Ne4 Nf5 39. Bf4 Rd1 40. Ba2+ Kh8 41. Ng5 Ra1 42. Bd5 Rd1 43. Be4 Nd4 44. Ra8 Ne2 45. Bh2 Kg8 46. Bc2 Rd2 47. Bb3+ Kh8 48. Ne6 Rd3 49. Nxf8 Rxb3 50. Ne6+ Kh7 51. Ra7 h3+ 52. Kxh3 Rxf3+ 53. Kg2 Rf6 54. Nxg7 1-0

[Event "2026 European Womens Championship"]
[Site "Batumi, GE"]
[Date "2026.05.27"]
[Round "3"]
[White "Buyuk, Ecrin Efsa"]
[Black "Pogorelskikh, Sofia"]
[Result "0-1"]
[Board "46"]
[TimeControl "5400+30"]
[WhiteFideId "44505175"]
[BlackFideId "44164548"]
[WhiteElo "2076"]
[BlackElo "2284"]
[WhiteTitle "WFM"]
[BlackTitle "WGM"]
[WhiteClock "0:00:42"]
[BlackClock "0:06:20"]
[Variant "Standard"]

1. e4 c5 2. Nc3 Nc6 3. Nge2 g6 4. d4 cxd4 5. Nxd4 Bg7 6. Nde2 Nf6 7. g3 b5 8. Bg2 b4 9. Nd5 a5 10. O-O Rb8 11. a3 O-O 12. axb4 axb4 13. Bg5 Ng4 14. h3 Nge5 15. b3 h6 16. Be3 e6 17. Ndf4 d6 18. Qd2 Qc7 19. Ra2 Bb7 20. Nd3 Kh7 21. Nb2 Rfd8 22. f4 Nd7 23. f5 Nce5 24. fxe6 fxe6 25. Na4 Nc5 26. Nxc5 dxc5 27. Qe1 Rd7 28. Nf4 Re8 29. g4 c4 30. g5 hxg5 31. Ne2 cxb3 32. Ra7 bxc2 33. h4 Ng4 34. Nf4 Nxe3 35. hxg5 Nxf1 36. Qh4+ Kg8 0-1

[Event "2026 European Womens Championship"]
[Site "Batumi, GE"]
[Date "2026.05.27"]
[Round "3"]
[White "Akat, Elifnaz"]
[Black "Urh, Zala"]
[Result "1/2-1/2"]
[Board "47"]
[TimeControl "5400+30"]
[WhiteFideId "34560556"]
[BlackFideId "14611481"]
[WhiteElo "2061"]
[BlackElo "2263"]
[WhiteTitle "WFM"]
[BlackTitle "WIM"]
[WhiteClock "0:10:27"]
[BlackClock "0:03:00"]
[Variant "Standard"]

1. e4 c5 2. Nf3 e6 3. g3 d5 4. exd5 exd5 5. d4 Nc6 6. Bg2 cxd4 7. Nxd4 Bc5 8. Ne2 Nf6 9. O-O O-O 10. Nbc3 Re8 11. Bg5 d4 12. Ne4 Be7 13. Nxf6+ Bxf6 14. Bxf6 Qxf6 15. Nf4 Bf5 16. Qd2 Rac8 17. Rfe1 Red8 18. Rac1 Qd6 19. a3 b6 20. Nd5 h6 21. c4 Kf8 22. b4 d3 23. Qc3 Re8 24. f4 Ne7 25. Re5 f6 26. Nxe7 Rxe7 27. Rxf5 d2 28. Rd1 Qe6 29. Qc2 Rxc4 30. Qxd2 Qxf5 31. Qd8+ Re8 32. Qd6+ Re7 33. Qd8+ Re8 1/2-1/2

[Event "2026 European Womens Championship"]
[Site "Batumi, GE"]
[Date "2026.05.27"]
[Round "3"]
[White "Dimitrijevic, Aleksandra"]
[Black "Szczotka, Klara"]
[Result "0-1"]
[Board "48"]
[TimeControl "5400+30"]
[WhiteFideId "929239"]
[BlackFideId "21858845"]
[WhiteElo "2059"]
[BlackElo "2241"]
[WhiteTitle "WGM"]
[BlackTitle "WFM"]
[WhiteClock "0:14:10"]
[BlackClock "0:00:34"]
[Variant "Standard"]

1. d4 Nf6 2. c4 e6 3. g3 d5 4. Nf3 c6 5. Bg2 dxc4 6. Ne5 b5 7. a4 Nd5 8. e4 Nb4 9. O-O Bb7 10. Nc3 Nd7 11. Nf3 Be7 12. axb5 cxb5 13. Nxb5 Bxe4 14. Bg5 O-O 15. Bxe7 Qxe7 16. Re1 Nf6 17. Nc3 Bc6 18. d5 Nfxd5 19. Ne5 Bb7 20. Ne4 Rfc8 21. Qd2 f6 22. Nf3 Nd3 23. Re2 Rd8 24. Qc2 Nb6 25. Bh3 Bd5 26. Nd4 e5 27. Nf5 Qf8 28. Nc3 Bc6 29. b3 g6 30. Ne3 f5 31. bxc4 e4 32. Rb1 Qc5 33. Qa2 Ne5 34. Bg2 Rd3 35. Ncd5 Nxd5 36. cxd5 Bxd5 37. Qa1 Bf7 38. Rc2 Qd6 39. Rbc1 Rd8 40. Qxa7 Rd7 41. Qa1 Ra3 42. Rc8+ Kg7 43. Qb2 Ra2 44. Qb5 Nd3 45. Rf1 Rb2 46. Qa5 Be6 47. Qc3+ Qd4 48. Qa3 Qb4 49. Qa1 Qd4 50. Qa3 Rf7 51. Rc6 Rxf2 52. Rxf2 Qxe3 53. Qa1+ Rf6 54. Rcc2 Nxf2 55. Rxf2 g5 56. Qe5 h5 57. Bh3 Kg6 58. Bg2 Bf7 59. h4 gxh4 60. gxh4 Be6 61. Bf3 Qe1+ 62. Rf1 Qxh4 63. Bg2 Bf7 64. Rf4 Qg5 65. Kh2 Re6 66. Qb8 h4 67. Bf1 Qg3+ 68. Kh1 Kg5 69. Qd8+ Kxf4 70. Qc7+ Kf3 71. Be2+ Kf2 72. Qc2 0-1

[Event "2026 European Womens Championship"]
[Site "Batumi, GE"]
[Date "2026.05.27"]
[Round "3"]
[White "Purtseladze, Maka"]
[Black "Hayrapetyan, Nvard"]
[Result "1-0"]
[Board "49"]
[TimeControl "5400+30"]
[WhiteFideId "13602659"]
[BlackFideId "13316460"]
[WhiteElo "2237"]
[BlackElo "2057"]
[WhiteTitle "IM"]
[BlackTitle "WFM"]
[WhiteClock "0:16:07"]
[BlackClock "0:24:33"]
[Variant "Standard"]

1. d4 Nf6 2. Nf3 e6 3. c4 d5 4. Nc3 Bb4 5. Bg5 h6 6. Bxf6 Qxf6 7. e3 O-O 8. Rc1 Rd8 9. Qb3 Nc6 10. a3 dxc4 11. Bxc4 Bd6 12. Bb5 Qg6 13. O-O Bd7 14. Rfd1 Rab8 15. Bd3 Qh5 16. Ne4 Na5 17. Qc3 Ba4 18. Re1 Nb3 19. Bc2 Nxc1 20. Bxa4 Bxh2+ 21. Kf1 Na2 22. Qc2 Bd6 23. Bb3 Nb4 24. axb4 Bxb4 25. Ra1 Qb5+ 26. Bc4 Qb6 27. Qa4 a5 28. Ne5 c6 29. Nd3 Ra8 30. Nxb4 Qxb4 31. Qxb4 axb4 32. Rc1 Ra5 33. Nc5 b6 34. Nd3 c5 35. dxc5 bxc5 36. Ke2 Kf8 37. Ne5 Rc8 38. Rd1 Ra7 39. Rd6 Rac7 40. Ra6 g5 41. g4 Kg7 42. b3 Rh8 43. Nd3 h5 44. gxh5 Rxh5 45. Kf3 Rh8 46. Ra5 Rhc8 47. Ba6 Ra8 48. Rxc5 Rxc5 49. Nxc5 Kf6 50. Bc4 Ke7 51. Na6 f5 52. Nxb4 e5 53. e4 f4 54. Kg4 Kf6 55. Nd5+ Kg6 56. Nb6 Ra2 57. Kf3 Kh5 58. Be6 Ra6 59. Bg4+ Kh4 60. Nc4 Ra3 61. Bd7 Rxb3+ 62. Kg2 Rb4 63. Nxe5 Rxe4 64. Nf3+ Kh5 65. Kh3 Re2 66. Nh2 Rxf2 67. Be8+ Kh6 68. Ng4+ Kg7 69. Nxf2 Kf6 70. Kg4 Ke5 71. Nh3 Ke4 72. Nxg5+ Ke3 73. Bc6 f3 74. Nxf3 Kd3 75. Kf4 Kc3 76. Ke4 Kb2 77. Kd3 Kb3 78. Nd2+ Ka2 79. Kc3 Ka1 80. Nb3+ Ka2 81. Be4 Ka3 82. Bb1 Ka4 83. Nd4 Ka3 84. Nb5+ Ka4 85. Kc4 Ka5 86. Kc5 Ka4 87. Bc2+ Ka5 88. Nd6 Ka6 89. Bd1 Ka5 90. Nb7+ Ka6 91. Kc6 Ka7 92. Kc7 Ka6 93. Be2+ Ka7 94. Nd6 Ka8 95. Bf1 Ka7 96. Nc8+ 1-0

[Event "2026 European Womens Championship"]
[Site "Batumi, GE"]
[Date "2026.05.27"]
[Round "3"]
[White "Tsiganova, Monika"]
[Black "Rapport, Jovana"]
[Result "1/2-1/2"]
[Board "50"]
[TimeControl "5400+30"]
[WhiteFideId "4500199"]
[BlackFideId "937266"]
[WhiteElo "2039"]
[BlackElo "2235"]
[WhiteTitle "WIM"]
[BlackTitle "WGM"]
[WhiteClock "0:29:21"]
[BlackClock "0:50:47"]
[Variant "Standard"]

1. d4 Nf6 2. c4 g6 3. Nc3 Bg7 4. e4 d6 5. h4 Na6 6. Be2 h5 7. Nf3 c6 8. Ng5 Nc7 9. f3 Bd7 10. Be3 O-O 11. Qd2 b5 12. cxb5 cxb5 13. Nd1 a5 14. Nf2 b4 15. O-O Bb5 16. Rac1 Bxe2 17. Qxe2 Qd7 18. d5 Qb5 19. Qd2 Nce8 20. Nd3 Nd7 21. Nf4 Ne5 22. b3 Qb7 23. Rc2 Nf6 24. Rfc1 Rfc8 25. Ne2 Nfd7 26. Kh1 Rxc2 27. Rxc2 Bf6 28. Bd4 Rc8 29. Bf2 Qa6 30. Rxc8+ Qxc8 31. Nh3 Qa6 32. Nhf4 Nc5 33. Kh2 Kg7 34. Kh3 Qb5 35. Ng3 Kh7 36. Bd4 Qd7+ 37. Kh2 Bxh4 38. Bxe5 Bxg3+ 39. Kxg3 dxe5 40. Nd3 Nxd3 41. Qxd3 a4 42. bxa4 Qxa4 43. Qc4 Qa5 44. d6 exd6 1/2-1/2

[Event "2026 European Womens Championship"]
[Site "Batumi, GE"]
[Date "2026.05.27"]
[Round "3"]
[White "Tsirulnik, Maritsa"]
[Black "Tsetskhladze, Mariam"]
[Result "1/2-1/2"]
[Board "51"]
[TimeControl "5400+30"]
[WhiteFideId "14118688"]
[BlackFideId "13623834"]
[WhiteElo "2028"]
[BlackElo "2234"]
[WhiteTitle "WFM"]
[BlackTitle "WFM"]
[WhiteClock "0:14:20"]
[BlackClock "0:05:17"]
[Variant "Standard"]

1. d4 d5 2. c4 dxc4 3. Nf3 Nf6 4. e3 e6 5. Bxc4 c5 6. O-O Nc6 7. Qe2 a6 8. Rd1 b5 9. Bb3 c4 10. Bc2 Nb4 11. Nc3 Nxc2 12. Qxc2 Be7 13. e4 O-O 14. d5 Qc7 15. d6 Bxd6 16. Rxd6 Qxd6 17. e5 Qd3 18. Qxd3 cxd3 19. exf6 Bb7 20. Bg5 h6 21. Be3 gxf6 22. Ne1 Rfd8 23. Rd1 Rd7 24. Rxd3 Rxd3 25. Nxd3 Rd8 26. Ne1 b4 27. Ne2 Rd1 28. Kf1 a5 29. f4 Ba6 30. Kf2 Rb1 31. Bd4 a4 32. Nc2 Rd1 33. Be3 b3 34. axb3 axb3 35. Ncd4 Rb1 36. Nxb3 Rxb2 37. Nbc1 Kg7 38. Bd4 Rb1 39. Bc3 Kg6 40. Ke3 f5 41. Nd3 f6 42. Nec1 Bb7 43. g3 Be4 44. Bd2 Kf7 45. Nc5 Bd5 46. Kd4 Ke7 47. N5d3 Kd7 48. Nc5+ Kd6 49. N5d3 Kd7 50. Kc3 Rb5 51. Be3 Ke7 52. Bd4 Be4 53. Kd2 Rb1 54. Nf2 Bc6 55. Nfd3 Be4 56. Nf2 Bc6 57. Nfd3 1/2-1/2

[Event "2026 European Womens Championship"]
[Site "Batumi, GE"]
[Date "2026.05.27"]
[Round "3"]
[White "Hariharan, Shambavi"]
[Black "Kirtadze, Anastasia"]
[Result "0-1"]
[Board "52"]
[TimeControl "5400+30"]
[WhiteFideId "488160"]
[BlackFideId "13622714"]
[WhiteElo "2008"]
[BlackElo "2233"]
[WhiteTitle "WFM"]
[BlackTitle "WIM"]
[WhiteClock "0:29:16"]
[BlackClock "0:29:08"]
[Variant "Standard"]

1. d4 d5 2. c4 e6 3. Nc3 Nf6 4. cxd5 exd5 5. Bg5 Bb4 6. a3 Bxc3+ 7. bxc3 h6 8. Bh4 g5 9. Bg3 Ne4 10. e3 h5 11. f3 Nxg3 12. hxg3 Qd6 13. Kf2 h4 14. gxh4 gxh4 15. Ne2 Nc6 16. Nf4 Ne7 17. c4 c6 18. Qc2 Ng6 19. cxd5 Nxf4 20. Qe4+ Ne6 21. dxe6 Qg3+ 22. Kg1 Bxe6 23. Rh3 Qg5 24. Bc4 Rh6 25. Re1 Qa5 26. Re2 O-O-O 27. Bxe6+ Rxe6 28. Qd3 Qg5 29. f4 Qg4 30. Rb2 Rg6 31. Kh2 f5 32. Rc2 Rdg8 33. Qd2 Kb8 34. Kh1 Qh5 35. Qe2 Qh6 36. Qd3 Qh5 37. Qe2 Qh7 38. Rb2 Rg3 39. Qf1 Rxh3+ 40. gxh3 Rg3 41. Kh2 Qe7 42. Qa6 Rxe3 43. Qxc6 Re2+ 44. Rxe2 Qxe2+ 45. Qg2 Qxg2+ 46. Kxg2 Kc7 47. Kf3 Kc6 48. Ke3 Kd5 49. Kd3 b5 50. Kc3 a5 51. Kd3 b4 52. axb4 axb4 0-1

[Event "2026 European Womens Championship"]
[Site "Batumi, GE"]
[Date "2026.05.27"]
[Round "3"]
[White "Ibrahimova, Sabina"]
[Black "Venskaya, Nika"]
[Result "1-0"]
[Board "53"]
[TimeControl "5400+30"]
[WhiteFideId "13403893"]
[BlackFideId "13523503"]
[WhiteElo "2205"]
[BlackElo "1937"]
[WhiteTitle "WIM"]
[BlackTitle "WCM"]
[WhiteClock "0:00:57"]
[BlackClock "0:03:16"]
[Variant "Standard"]

1. Nf3 c5 2. c4 g6 3. e4 Nc6 4. d4 cxd4 5. Nxd4 Nf6 6. Nc3 Nxd4 7. Qxd4 d6 8. Be2 Bg7 9. O-O O-O 10. Qd3 a5 11. Be3 a4 12. Bd4 Be6 13. f4 Qa5 14. Rae1 Rac8 15. b3 Bd7 16. e5 Bf5 17. Qe3 dxe5 18. fxe5 Nd7 19. Nd5 Rfe8 20. b4 Qd8 21. Rd1 Be6 22. Ba1 Bxd5 23. cxd5 f6 24. e6 Ne5 25. Bb5 Rf8 26. Bxa4 Nc4 27. Qd4 Nd6 28. Bb3 Kh8 29. Kh1 Qc7 30. Rf3 Nf5 31. Qf2 b5 32. Bb2 Rg8 33. Rc3 Qd6 34. Rc5 Nh6 35. Bd4 Rb8 36. Rc6 Ng4 37. Qh4 Qf4 38. Rc3 f5 39. Rf3 Qe4 40. Rh3 h5 41. Qxh5+ 1-0

[Event "2026 European Womens Championship"]
[Site "Batumi, GE"]
[Date "2026.05.27"]
[Round "3"]
[White "Koghuashvili, Tekla"]
[Black "Calzetta Ruiz, Monica"]
[Result "1/2-1/2"]
[Board "54"]
[TimeControl "5400+30"]
[WhiteFideId "13621564"]
[BlackFideId "2204185"]
[WhiteElo "1921"]
[BlackElo "2199"]
[BlackTitle "WGM"]
[WhiteClock "0:46:31"]
[BlackClock "0:14:39"]
[Variant "Standard"]

1. e4 c5 2. c3 Nf6 3. e5 Nd5 4. Nf3 Nc6 5. Bc4 Nb6 6. Bb3 c4 7. Bc2 d6 8. exd6 Qxd6 9. h3 Qe6+ 10. Qe2 Qxe2+ 11. Kxe2 e5 12. Re1 Bd6 13. Kf1 O-O 14. b3 f5 15. Na3 e4 16. Nb5 Bc5 17. Nfd4 Bxd4 18. Nxd4 Nxd4 19. cxd4 Be6 20. f3 cxb3 21. axb3 Rac8 22. Bd1 Nd5 23. Ba3 Rf6 24. Kg1 Nf4 25. Kh2 Rg6 26. g3 Nd3 27. Re3 Bd5 28. fxe4 fxe4 29. Be7 a6 30. Ra5 b5 31. Ra1 Rgc6 32. Be2 Nc1 33. Bd1 R8c7 34. Bc5 Nd3 35. b4 Rf7 36. Be2 g5 37. Rf1 Rxf1 38. Bxf1 Rf6 39. Bxd3 exd3 40. Rxd3 Rf1 41. g4 Rf2+ 42. Kg1 Rg2+ 43. Kf1 h6 44. Ra3 Rxd2 45. Rxa6 Kh7 46. Ra7+ 1/2-1/2

[Event "2026 European Womens Championship"]
[Site "Batumi, GE"]
[Date "2026.05.27"]
[Round "3"]
[White "Ashotia, Barbare"]
[Black "Olde, Margareth"]
[Result "0-1"]
[Board "55"]
[TimeControl "5400+30"]
[WhiteFideId "13625187"]
[BlackFideId "4503082"]
[WhiteElo "1913"]
[BlackElo "2194"]
[BlackTitle "WIM"]
[WhiteClock "0:00:54"]
[BlackClock "0:01:15"]
[Variant "Standard"]

1. e4 e5 2. Nf3 Nc6 3. Nc3 Nf6 4. Nd5 Bd6 5. d4 Nxd5 6. exd5 Nxd4 7. Nxd4 exd4 8. Qxd4 O-O 9. Be3 Re8 10. O-O-O b6 11. Bd3 Be5 12. Qa4 Bb7 13. h4 h6 14. Qb3 a5 15. a4 Qe7 16. c4 Qf6 17. Rh3 Bf4 18. Rf1 Re7 19. g4 Rae8 20. Kb1 Qd6 21. Bc2 Ba6 22. Qd3 Re4 23. b3 Qb4 24. Ka2 Rxc4 25. Qh7+ Kf8 26. Bxf4 Rxc2+ 27. Qxc2 Re2 28. Qxe2 Bxe2 29. Rc1 Qxf4 30. Rc2 Bxg4 31. Rhc3 Bd1 32. Rb2 Qd4 33. Rxc7 Qxd5 34. Rc4 g6 35. Rc3 b5 36. axb5 a4 37. Rc8+ Kg7 38. Rc1 Bxb3+ 39. Ka1 Qxb5 0-1

[Event "2026 European Womens Championship"]
[Site "Batumi, GE"]
[Date "2026.05.27"]
[Round "3"]
[White "Nahapetyan, Ani"]
[Black "Peycheva, Gergana"]
[Result "0-1"]
[Board "57"]
[TimeControl "5400+30"]
[WhiteFideId "13317776"]
[BlackFideId "2916711"]
[WhiteElo "1827"]
[BlackElo "2186"]
[BlackTitle "FM"]
[WhiteClock "0:28:31"]
[BlackClock "0:23:10"]
[Variant "Standard"]

1. e4 c5 2. Nf3 Nc6 3. d4 cxd4 4. Nxd4 g6 5. c4 Nf6 6. Nc3 d6 7. Be2 Nxd4 8. Qxd4 Bg7 9. Be3 O-O 10. Qd2 a5 11. a4 Be6 12. f3 Rc8 13. Nd5 Bxd5 14. cxd5 Nd7 15. O-O Nc5 16. Bxc5 Rxc5 17. Rac1 Qb6 18. Rxc5 Qxc5+ 19. Kh1 Rc8 20. b3 Bc3 21. Qd1 Qe3 22. Bc4 Be5 23. f4 Bg7 24. Qf3 Qd4 25. Re1 Qd2 26. Qe3 Qxe3 27. Rxe3 b5 28. axb5 a4 29. b6 a3 30. e5 dxe5 31. b7 Rb8 32. b4 Rxb7 33. Rxa3 Rxb4 34. Ra8+ Bf8 35. Ba2 Rxf4 36. g3 Rf6 37. Ra3 Rd6 38. Rc3 f5 39. Kg2 Kf7 40. Rf3 Kf6 41. g4 e4 42. Rh3 h6 43. gxf5 gxf5 44. Rg3 Ra6 45. Bb3 Ra3 46. Bc4 Rxg3+ 47. hxg3 Ke5 48. Kf2 Kd4 49. Ba2 Bg7 0-1

[Event "2026 European Womens Championship"]
[Site "Batumi, GE"]
[Date "2026.05.27"]
[Round "3"]
[White "Nadanyan, Kiti"]
[Black "Odisharia, Teona"]
[Result "1/2-1/2"]
[Board "58"]
[TimeControl "5400+30"]
[WhiteFideId "13316710"]
[BlackFideId "13602322"]
[WhiteElo "1801"]
[BlackElo "2167"]
[BlackTitle "WFM"]
[WhiteClock "0:01:17"]
[BlackClock "0:06:40"]
[Variant "Standard"]

1. e4 c5 2. Nc3 d6 3. g3 Nc6 4. Bg2 g6 5. d3 Bg7 6. Be3 Rb8 7. a4 a6 8. Qd2 b5 9. axb5 axb5 10. Nge2 b4 11. Nd1 Nd4 12. O-O h5 13. Nc1 h4 14. c3 Nc6 15. d4 cxd4 16. cxd4 Bd7 17. f4 hxg3 18. hxg3 Na5 19. b3 Nh6 20. Nf2 d5 21. exd5 Nf5 22. Ne4 Nb7 23. Bf2 Nbd6 24. Nxd6+ exd6 25. Re1+ Kf8 26. Na2 Qb6 27. Nxb4 Bxd4 28. Nc6 Bxc6 29. dxc6 Kg7 30. g4 Bxf2+ 31. Qxf2 Nd4 32. Rad1 Nxb3 33. Rxd6 Qb4 34. Red1 Nc5 35. Qd4+ Qxd4+ 36. R6xd4 Ne6 37. Rc4 Rhc8 38. Rdc1 Rc7 39. Kf2 Rb2+ 40. Kg3 Kf6 41. Rd1 Rb3+ 42. Kf2 Rb2+ 43. Kg1 Ra7 44. Rdc1 Raa2 45. Bf1 Rf2 46. c7 Nxc7 47. Rxc7 Rxf4 48. R1c4 Rf3 49. Rc3 Rf4 50. R3c4 Rf3 51. Rc3 Rf4 1/2-1/2